 Dungeon Crawl Stone Soup version 0.21.1-1-g345015f (webtiles) character file.

24666 iamserjio the Nimble (level 13, -7/95 HPs)
             Began as an Octopode Monk on Apr 7, 2018.
             Was a High Priest of Dithmenos.
             Mangled by a six-headed hydra (9 damage)
             ... on level 8 of the Dungeon.
             The game lasted 01:26:25 (16613 turns).

iamserjio the Nimble (Octopode Monk)               Turns: 16613, Time: 01:26:25

Health: -7/95      AC:  3    Str: 11    XL:     13   Next: 14%
Magic:  30/35      EV: 25    Int:  8    God:    Dithmenos [*****.]
Gold:   900        SH: 12    Dex: 19    Spells: 16/16 levels left

rFire    . . .     SeeInvis +   g - +12 trident "Kuhon" {protect, MP+9}
rCold    . . .     Gourm    .   k - +3 warlock's mirror {reflect}
rNeg     + . .     Faith    .   d - +2 hat
rPois    .         Spirit   .   y - +2 amulet of reflection
rElec    +         Reflect  +   v - ring of stealth
rCorr    +         Harm     .   N - ring of positive energy
MR       .....                  U - ring of resist corrosion
Stlth    +++++++++.             V - ring "Xaih" {rElec MP+9 Int-4 SInv}
HPRegen  0.25/turn              (no ring)
MPRegen  0.24/turn              (no ring)
                                (no ring)
                                (no ring)

@: about to teleport, wreathed by umbra
A: almost no armour, stealthy swim, amphibious, 8 rings, constrict 8, camouflage
1, gelatinous body 1
a: Shadow Step, Shadow Form, Renounce Religion


You were on level 8 of the Dungeon.
You worshipped Dithmenos.
Dithmenos was extremely pleased with you.
You were hungry.

You visited 4 branches of the dungeon, and saw 16 of its levels.

You collected 900 gold pieces.

Inventory:

Hand Weapons
 g - the +12 trident "Kuhon" (weapon) {protect, MP+9}
   (You took it off an orc on level 9 of the Dungeon)

   It protects the one who uses it against injury (+AC on strike).
   It affects your magic capacity (+9).
 u - the +3 flail of the Present {crush, MR+ SInv}
   (You took it off an orc priest on level 4 of the Dungeon)

   It inflicts extra damage upon your enemies.
   It affects your resistance to hostile enchantments.
   It lets you see invisible.
 G - a +2 falchion of electrocution
 J - a +2 scimitar of pain
 O - a +3 vampiric short sword
 P - a +4 short sword of draining
 R - the +2 falchion of Dividends {holy, rPois rC+}
   (You found it on level 9 of the Dungeon)

   It has been blessed by the Shining One to cause great damage to the undead
   and demons.
   It protects you from cold.
   It protects you from poison.
Missiles
 p - 149 sling bullets
 A - 7 poisoned javelins (quivered)
Armour
 d - a +2 hat (worn)
 k - the +3 warlock's mirror (worn) {reflect}
   (You found it on level 10 of the Dungeon)
 Y - a +0 large shield
Magical Staves
 Q - an uncursed staff of earth {unknown}
Jewellery
 v - a ring of stealth (left tentacle)
 y - a +2 amulet of reflection (around mantle)
 N - a ring of positive energy (right tentacle)
 U - a ring of resist corrosion (on tentacle)
 V - the ring "Xaih" (on tentacle) {rElec MP+9 Int-4 SInv}
   (You found it on level 8 of the Dungeon)

   [ring of magical power]

   It affects your intelligence (-4).
   It insulates you from electricity.
   It affects your magic capacity (+9).
   It lets you see invisible.
Wands
 c - a wand of digging (37)
 n - a wand of polymorph (49)
 x - a wand of iceblast (42)
 W - a wand of enslavement (12)
 Z - a wand of paralysis (14)
Scrolls
 e - 2 scrolls of fog
 f - 3 scrolls of remove curse
 q - 3 scrolls of teleportation
 r - 2 scrolls of enchant weapon
 s - 3 scrolls of amnesia
 K - 2 scrolls of magic mapping
 L - a scroll of enchant armour
 M - 2 scrolls of silence
 S - a scroll of holy word
 X - a scroll of fear {unknown}
Potions
 a - a potion of degeneration {unknown}
 i - 2 potions of resistance
 j - 2 potions of might
 l - 2 potions of haste
 m - a potion of agility
 w - 4 potions of curing
 B - 4 potions of flight {unknown}
 D - 6 potions of brilliance
 E - 2 potions of lignification {unknown}
 F - a potion of cancellation {unknown}
 H - 2 potions of magic
 I - 3 potions of mutation
Books
 t - a book of Changes

   Spells                             Type                      Level
   a - Beastly Appendage              Transmutation                1
   b - Sticks to Snakes               Transmutation                2
   c - Spider Form                    Transmutation/Poison         3
   d - Ice Form                       Ice/Transmutation            4
   e - Blade Hands                    Transmutation                5
Comestibles
 b - 28 rations


   Skills:
 + Level 11.1 Fighting
 - Level 4.5(5.3) Short Blades
 - Level 4.1(5.1) Long Blades
 * Level 14.3 Dodging
 - Level 8.0 Stealth
 + Level 7.9 Shields
 - Level 2.0 Spellcasting
 + Level 5.4 Invocations


You had 16 spell levels left.
You didn't know any spells.

Dungeon Overview and Level Annotations

Branches:
Dungeon (13/15)            Temple (1/1) D:6            Lair (1/6) D:8
    Orc (1/2) D:10
 Vaults: D:13-14

Altars:
Ashenzari
Dithmenos
Elyvilon
Fedhas
Gozag
Hepliaklqana
Kikubaaqudgha
Makhleb
Nemelex Xobeh
Okawaru
Trog
Vehumet
Yredelemnul
Zin
The Shining One

Shops:
D:5 [

Annotations:
D:13 Kirke


Innate Abilities, Weirdness & Mutations

You cannot wear most types of armour.
You are very stealthy in the water. (Stealth+)
You are amphibious.
You can wear up to eight rings at the same time.
You can use your tentacles to constrict eight enemies at once.
Your skin changes colour to match your surroundings (Stealth+).
Your rubbery body absorbs attacks. (AC +1, EV +1)


Message History

You block the six-headed hydra's attack.
The six-headed hydra bites you but does no damage.
You feel better.
The six-headed hydra completely misses you.
The six-headed hydra bites you.
* * * LOW HITPOINT WARNING * * *
You block the six-headed hydra's attack.
The six-headed hydra completely misses you.
The six-headed hydra closely misses you.
The six-headed hydra misses you.
As you read the scroll of teleportation, it crumbles to dust.
You feel strangely unstable.
You block the six-headed hydra's attack.
The six-headed hydra misses you.
The six-headed hydra completely misses you.
The six-headed hydra bites you!
* * * LOW HITPOINT WARNING * * *
You block the six-headed hydra's attack.
The six-headed hydra bites you!
You die...

..............'.....>........)..#
.#.#.....######.....#......[....#
.#.#.....# #.....#...........#
.#.#.....# ####.....#..(.........
.#.#.....# #.........###...)..###
.#.#.....# #.§.§≈§≈..###......#
.#.####### #.§§§§≈§§(.........#
.#.# #..§§§§≈...........# .#.#
#..≈.@D§≈..........# .#.#
#.≈§.§≈§§..........# .#.#
#######.≈§≈≈≈§.......##### .#.#
#........§≈≈≈..§......# .#.#
#........§.§..........# ...#
#...).#############...# #..#
#.....# #..(# #..# #.....# #####
#...# #..# #.....# #...# #####


You could see a six-headed hydra.

Vanquished Creatures
  A centaur warrior (D:8)
  5 two-headed ogres
  Pikel (D:6)
  9 wizards
  3 cyclopes
  A deep elf mage (D:13)
  An ugly thing (D:11)
  Maurice (D:10)
  Psyche (D:8)
  A centaur skeleton (D:11)
  A komodo dragon (D:12)
  3 trolls
  Grinder (D:4)
  A hornet (D:12)
  3 hippogriffs
  2 shadows
  A spriggan (D:10)
  18 yaks
  2 wyverns
  Grum (D:10)
  A steam dragon (D:10)
  4 hungry ghosts
  2 hell hounds (D:8)
  Duvessa (D:6)
  A black bear (D:7)
  8 orc warriors
  A necrophage (D:11)
  3 ice beasts
  3 phantoms
  A sky beast (D:9)
  A hornet zombie (D:13)
  12 ogres
  5 wolves
  9 centaurs
  Blork the orc (D:6)
  4 big kobolds
  4 bullfrogs
  3 gnoll sergeants (D:10)
  Dowan (D:6)
  A wyvern skeleton (D:12)
  6 scorpions
  3 vampire bats (D:5)
  4 howler monkeys
  4 crimson imps
  A centaur zombie (D:10)
  A bullfrog skeleton (D:5)
  6 hounds
  4 jellies
  9 orc priests
  Crazy Yiuf (D:4)
  A gnoll shaman (D:7)
  4 iguanas
  16 orc wizards
  11 worker ants
  A hound skeleton (D:9)
  15 adders
  7 gnolls
  A howler monkey skeleton (D:4)
  2 shadow imps
  An adder skeleton (D:8)
  4 worms
  2 dart slugs
  7 leopard geckos
  51 orcs
  7 bats
  5 bat zombies (D:5)
  6 giant cockroaches
  9 hobgoblins
  10 jackals
  4 quokkas
  3 ball pythons
  A ball python skeleton (D:4)
  7 frilled lizards
  A giant cockroach zombie (D:5)
  4 goblins
  A goblin zombie (D:4)
  3 hobgoblin zombies (D:4)
  16 kobolds
  A kobold zombie (D:4)
  A leopard gecko zombie (D:5)
  2 orc skeletons (D:4)
  2 orc zombies (D:4)
  3 rats (D:2)
371 creatures vanquished.

Vanquished Creatures (others)
  3 slaves (D:6)
  A jelly (D:6)
4 creatures vanquished.

Grand Total: 375 creatures vanquished

Notes
Turn   | Place    | Note
-------+----------+-------------------------------------------
     0 | D:1      | iamserjio the Octopode Monk began the quest for the Orb.
     0 | D:1      | Reached XP level 1. HP: 16/16 MP: 1/1
   843 | D:1      | Reached XP level 2. HP: 21/21 MP: 2/2
  1067 | D:2      | Reached XP level 3. HP: 18/26 MP: 3/3
  1206 | D:2      | Found a hazy altar of Hepliaklqana.
  1450 | D:2      | Found a blossoming altar of Fedhas.
  1470 | D:2      | Reached XP level 4. HP: 31/31 MP: 4/4
  1721 | D:3      | Reached XP level 5. HP: 20/37 MP: 5/5
  2649 | D:3      | Reached skill level 4 in Dodging
  2845 | D:3      | Reached XP level 6. HP: 26/43 MP: 6/6
  3033 | D:4      | Reached skill level 5 in Stealth
  3323 | D:4      | Found a glowing golden altar of the Shining One.
  3407 | D:4      | Got an ancient flail {crush}
  3409 | D:4      | Identified the +3 flail of the Present {crush, MR+ SInv} (You took it off an orc priest on level 4 of the Dungeon)
  3489 | D:4      | Reached XP level 7. HP: 14/49 MP: 7/7
  4112 | D:4      | Reached skill level 5 in Dodging
  4550 | D:4      | Found the +6 shillelagh "Devastator" {shatter}
  4567 | D:4      | Found a runed door.
  4571 | D:4      | Noticed Crazy Yiuf
  4575 | D:4      | Killed Crazy Yiuf
  4652 | D:4      | Reached skill level 5 in Fighting
  4655 | D:4      | Noticed Grinder
  4663 | D:5      | Entered Level 5 of the Dungeon
  4913 | D:5      | Reached skill level 6 in Dodging
  4913 | D:5      | Reached XP level 8. HP: 46/55 MP: 8/8
  4956 | D:5      | Found Kisix's Antique Armour Shoppe.
  5514 | D:5      | Found a burning altar of Makhleb.
  5655 | D:5      | Found an ancient bone altar of Kikubaaqudgha.
  5656 | D:5      | Reached skill level 7 in Dodging
  5779 | D:4      | Killed Grinder
  5925 | D:6      | Found a staircase to the Ecumenical Temple.
  5938 | Temple   | Entered the Ecumenical Temple
  5961 | Temple   | Became a worshipper of Dithmenos the Shadowed
  5961 | Temple   | Reached * piety under Dithmenos
  5961 | Temple   | Reached ** piety under Dithmenos
  5993 | D:6      | Noticed Blork the orc
  6001 | D:6      | Killed Blork the orc
  6091 | D:6      | Noticed Pikel
  6098 | D:6      | Killed Pikel
  6098 | D:6      | Reached skill level 8 in Dodging
  6098 | D:6      | Reached XP level 9. HP: 44/63 MP: 8/10
  6462 | D:6      | Noticed Dowan
  6467 | D:6      | Noticed Duvessa
  6472 | D:6      | Killed Duvessa
  6476 | D:6      | Killed Dowan
  6594 | D:6      | Reached skill level 9 in Dodging
  6790 | D:6      | Found an opulent altar of Gozag.
  7116 | D:7      | Found a sparkling altar of Nemelex Xobeh.
  7129 | D:7      | Found a glowing silver altar of Zin.
  7132 | D:7      | Found an iron altar of Okawaru.
  7135 | D:7      | Found a basalt altar of Yredelemnul.
  7662 | D:8      | Found a staircase to the Lair.
  7760 | D:8      | Reached *** piety under Dithmenos
  7833 | D:8      | Reached XP level 10. HP: 36/72 MP: 13/13
  8051 | D:8      | Reached skill level 10 in Dodging
  8385 | D:8      | Found a transporter.
  8405 | D:8      | Reached skill level 1 in Shields
  8452 | D:9      | Noticed a cyclops
  8666 | D:8      | Noticed a two-headed ogre
  9155 | D:9      | Noticed Psyche
  9163 | D:8      | Killed Psyche
  9272 | D:9      | Reached skill level 1 in Long Blades
  9387 | D:9      | Found a glowing silver altar of Zin.
  9532 | D:9      | Got a warped falchion
  9536 | D:9      | Identified the +2 falchion of Dividends {holy, rPois rC+} (You found it on level 9 of the Dungeon)
  9946 | D:8      | Killed a two-headed ogre
  9946 | D:8      | Reached skill level 1 in Spellcasting
 10217 | D:9      | Found a bloodstained altar of Trog.
 10245 | D:9      | Reached skill level 11 in Dodging
 10345 | D:9      | Reached XP level 11. HP: 78/78 MP: 14/14
 10452 | D:9      | Noticed a two-headed ogre
 10471 | D:9      | Killed a two-headed ogre
 10484 | D:9      | Reached **** piety under Dithmenos
 10651 | D:10     | Entered Level 10 of the Dungeon
 11369 | D:10     | Noticed a wizard
 11380 | D:10     | Noticed a wizard
 11389 | D:10     | Killed a wizard
 11390 | D:10     | Noticed a wizard
 11825 | D:10     | Found a staircase to the Orcish Mines.
 12050 | D:9      | Got a crystal trident {protect}
 12060 | D:9      | Identified the +12 trident "Kuhon" {protect, MP+9} (You took it off an orc on level 9 of the Dungeon)
 12350 | D:10     | Reached skill level 12 in Dodging
 12358 | D:10     | Noticed Grum
 12362 | D:10     | Killed Grum
 12534 | Orc:1    | Entered Level 1 of the Orcish Mines
 12534 | Orc:1    | Noticed an orc sorcerer
 12536 | Orc:1    | Reached ***** piety under Dithmenos
 12537 | Orc:1    | Noticed a two-headed ogre
 12553 | D:10     | Killed a two-headed ogre
 12553 | D:10     | Reached skill level 5 in Shields
 12928 | D:11     | Noticed a cyclops
 12937 | D:11     | Killed a cyclops
 13018 | D:11     | Noticed a two-headed ogre
 13240 | D:10     | Paralysed by a wizard for 3 turns
 13245 | D:10     | Killed a wizard
 13245 | D:10     | Reached XP level 12. HP: 86/87 MP: 15/15
 13387 | D:10     | Reached skill level 10 in Fighting
 13472 | D:10     | Noticed Maurice
 13489 | D:10     | Killed Maurice
 13494 | D:10     | Reached skill level 13 in Dodging
 13621 | D:10     | Found the +3 warlock's mirror {reflect}
 14340 | D:8      | Noticed a centaur warrior
 14345 | D:8      | Noticed a two-headed ogre
 14353 | D:8      | Killed a two-headed ogre
 14358 | D:8      | Killed a centaur warrior
 14511 | D:8      | Found a transporter.
 14581 | D:8      | Got a heavily runed turquoise ring
 15182 | D:11     | Killed a two-headed ogre
 15182 | D:11     | Reached skill level 14 in Dodging
 15548 | D:11     | Identified the ring "Xaih" {rElec MP+9 Int-4 SInv} (You found it on level 8 of the Dungeon)
 15582 | D:12     | Reached XP level 13. HP: 72/94 MP: 16/16
 15656 | D:13     | Noticed Kirke
 15740 | D:12     | Reached skill level 5 in Invocations
 16497 | Lair:1   | Entered Level 1 of the Lair of Beasts
 16613 | D:8      | HP: 2/95 [six-headed hydra (11)]
 16613 | D:8      | Mangled by a six-headed hydra

Skill      XL: |  1  2  3  4  5  6  7  8  9 10 11 12 13 |
---------------+----------------------------------------+-----
Stealth        | 3 4 5 6 7 8 |  8.0
Fighting       | 4 5 6 7 8 9 10 11 | 11.1
Short Blades   | 4 |  4.5
Dodging        | 4 6 8 9 11 12 14 | 14.3
Invocations    | 2 4 5 |  5.4
Shields        | 3 5 7 |  7.9
Long Blades    | 2 4 |  4.1
Spellcasting   | 1 2 |  2.0

Action                   |  1- 3 |  4- 6 |  7- 9 | 10-12 | 13-15 || total
-------------------------+-------+-------+-------+-------+-------++-------
Melee: Short sword       |    44 |    67 |       |    11 |       ||   122
       Constrict         |     8 |    55 |    52 |    65 |    13 ||   193
       Tentacles         |     8 |    38 |    40 |   156 |    13 ||   255
       Whip              |       |    98 |       |       |       ||    98
       Flail             |       |     2 |   131 |    87 |       ||   220
       Shillelagh        |       |       |    47 |       |       ||    47
       Falchion          |       |       |    20 |   267 |    12 ||   299
       Trident           |       |       |       |   256 |    55 ||   311
 Fire: Fustibalus        |       |       |       |     7 |       ||     7
  Use: Scroll            |       |     6 |     9 |    16 |     1 ||    32
       Potion            |       |       |     2 |     4 |     2 ||     8
 Stab: Sleeping          |    11 |     7 |    23 |    37 |     3 ||    81
       Distracted        |       |       |     3 |     2 |       ||     5
  Eat: Chunk             |     2 |     5 |    12 |    25 |     5 ||    49
       Ration            |       |       |     1 |     1 |       ||     2
Armor: Skin              |       |    12 |    13 |    33 |    10 ||    68
Dodge: Dodged            |    17 |   124 |   194 |   479 |   115 ||   929
Block: Other             |       |       |     7 |     2 |       ||     9
       Buckler           |       |       |       |   268 |    80 ||   348
       Reflection        |       |       |       |    11 |     2 ||    13
       Rpst.: Falchion   |       |       |     7 |    39 |     8 ||    54
